 Dungeon Crawl Stone Soup version 0.27-a0-660-g90476cec82 (webtiles) character file.

Game seed: 9208998027179658495

7054 theanonym the Severer (level 10, -1/90 HPs)
             Began as a Minotaur Gladiator on Mar 16, 2021.
             Was an Elder of Makhleb.
             Splashed by a jelly's acid (4 damage)
             ... on level 10 of the Dungeon.
             The game lasted 00:21:09 (11731 turns).

theanonym the Severer (Minotaur Gladiator)         Turns: 11731, Time: 00:21:10

Health: -1/90      AC: 10    Str: 21    XL:     10   Next: 83%
Magic:  9/9        EV: 10    Int:  5    God:    Makhleb [****..]
Gold:   281        SH:  0    Dex: 13    Spells: 9/9 levels left

rFire    . . .     SeeInvis .   a - +0 battleaxe
rCold    . . .     Faith    +   (shield currently unavailable)
rNeg     . . .     Spirit   .   j - +0 plate armour
rPois    .         Reflect  .   c - +0 hat
rElec    .         Harm     .   (no cloak)
rCorr    .         Rampage  .   (no gloves)
Will     .....                  (no boots)
Stlth    ..........             n - amulet of faith
HPRegen  0.25/turn              D - +4 ring of slaying
MPRegen  0.11/turn              H - +4 ring of evasion

@: studying Air Magic
A: horns 2, retaliatory headbutt
a: Renounce Religion, Minor Destruction, Lesser Servant of Makhleb, Major
Destruction


Innate Abilities, Weirdness & Mutations

You have a pair of horns on your head.
You reflexively headbutt those who attack you in melee.


   Skills:
 + Level 8.9 Fighting
 * Level 17.0 Axes
 - Level 2.0 Throwing
 - Level 3.2 Dodging


You had 9 spell levels left.
You didn't know any spells.
Your spell library contained the following spells:

 Spells                   Type           Power      Damage    Failure   Level
 Summon Small Mammal      Summ           0%         N/A       100%        1
 Call Imp                 Summ           0%         N/A       100%        2
 Call Canine Familiar     Summ           0%         N/A       100%        3
 Confusing Touch          Hex            0%         N/A       100%        3
 Gell's Gravitas          Tloc           0%         N/A       100%        3
 Summon Guardian Golem    Hex/Summ       0%         N/A       100%        3
 Petrify                  Tmut/Erth      0%         N/A       100%        4
 Summon Ice Beast         Ice/Summ       0%         N/A       100%        4
 Summon Lightning Spire   Summ/Air       0%         N/A       100%        4
 Metabolic Englaciation   Hex/Ice        0%         N/A       100%        5
 Yara's Violent Unravell  Hex/Tmut       0%         3d3       100%        5

Skill      XL: |  1  2  3  4  5  6  7  8  9 10 |
---------------+-------------------------------+-----
Axes           | 4 5 6 8 9 11 13 15 17 | 17.0
Fighting       | 3 6 8 |  8.9
Throwing       | |  2.0
Dodging        | |  3.2

Action                   |  1- 3 |  4- 6 |  7- 9 | 10-12 || total
-------------------------+-------+-------+-------+-------++-------
Melee: War axe           |    76 |    43 |       |       ||   119
       Headbutt          |     5 |    31 |    51 |    25 ||   112
       Whip              |       |   121 |   157 |       ||   278
       Battleaxe         |       |       |   132 |   119 ||   251
Throw: Throwing net      |       |     1 |     2 |       ||     3
Evoke: Wand              |       |       |     5 |     4 ||     9
  Use: Potion            |     1 |       |     2 |     1 ||     4
       Scroll            |       |     6 |     8 |     2 ||    16
 Stab: Invisible         |       |       |     1 |       ||     1
       Paralysed         |       |       |     6 |       ||     6
Armor: Leather armour    |     2 |       |       |       ||     2
       Plate armour      |    40 |    90 |   169 |    44 ||   343
Dodge: Dodged            |    27 |    44 |    77 |    22 ||   170

Inventory:

Hand Weapons
 a - a +0 battleaxe (weapon)
 b - a +1 whip of electrocution
Missiles
 A - 4 throwing nets (quivered)
Armour
 c - a +0 hat (worn)
 j - a +0 plate armour (worn)
Jewellery
 g - a ring of fire
 n - an amulet of faith (around neck)
 t - a ring of protection from fire
 D - a +4 ring of slaying (right hand)
 F - a ring of ice
 H - a +4 ring of evasion (left hand)
Wands
 d - a wand of digging (4)
 u - a wand of paralysis (6)
 v - a wand of acid (6)
Scrolls
 f - a scroll of fog
 l - 7 scrolls of teleportation
 o - 2 scrolls of amnesia
 r - a scroll of identify
 s - 4 scrolls of enchant weapon
 y - a scroll of magic mapping
 C - 2 scrolls of enchant armour
 E - 3 scrolls of fear {unknown}
Potions
 e - a potion of resistance
 h - a potion of haste
 i - 5 potions of attraction
 k - 4 potions of brilliance
 m - a potion of might
 p - 2 potions of invisibility
 q - 4 potions of lignification
 w - 6 potions of curing
 z - a potion of ambrosia


You were on level 10 of the Dungeon.
You worshipped Makhleb.
Makhleb was greatly pleased with you.
You visited 2 branches of the dungeon, and saw 11 of its levels.

You collected 468 gold pieces.
You spent 187 gold pieces at shops.

Dungeon Overview and Level Annotations

Branches:
Dungeon (10/15)            Temple (1/1) D:4            Lair (0/6) D:9
    Orc: D:9-12

Altars:
Ashenzari
Cheibriados
Dithmenos
Elyvilon
Fedhas
Gozag
Hepliaklqana
Kikubaaqudgha
Makhleb
Nemelex Xobeh
Okawaru
Qazlal
Ru
Sif Muna
Trog
Uskayaw
Vehumet
Wu Jian
Xom
Yredelemnul
Zin
The Shining One

Shops:
D:5 ?[([   D:7 *

Annotations:
D:7 2 transporters, Nebesus's ghost, novice MiBe

# #...#..# #..#
#.# #..# ##...#
#...#..# #[[#
#.# #..# ##...#
#...#..# #..#
#.# #..# ##...#
#...#..# #..#
#.# #..# ##...#
#...#..# #..#
#.# #..# ##...#
#......# #..#
#.###..# ##...#
#......# #..#
#......# ##...#
#..##..###..#
#.....># .....#
#..##..OJ@..#
#..###.## .
.#...#
#..##..####[#
#.......#.<
.#...# #..##..#
#.# #...###....
.#...# #..##..#
#.###...#⌠#....
.#...###..##..#
#.......###.....
.#.....J..##..#
#..##...........
.#..).....##..#
#..##..###......
J#........##..#
#..##..# #......
.#............#
#..##..# #......


You could see a two-headed ogre (corroded) and a jelly.

Notes
Turn   | Place    | Note
-------+----------+-------------------------------------------
     0 | D:1      | theanonym the Minotaur Gladiator began the quest for the
                  | Orb.
     0 | D:1      | Reached XP level 1. HP: 18/18 MP: 0/0
    72 | D:1      | Reached skill level 4 in Axes
    76 | D:1      | HP: 7/16 [goblin/+1 dagger of draining (4)]
    77 | D:1      | HP: 3/14 [goblin/+1 dagger of draining (4)]
    77 | D:1      | HP: 1/13 [goblin/+1 dagger of draining (2)]
    83 | D:1      | Reached XP level 2. HP: 3/20 MP: 1/1
   738 | D:1      | Reached skill level 5 in Axes
   925 | D:1      | Reached XP level 3. HP: 28/29 MP: 2/2
  1039 | D:2      | HP: 14/29 [worm (7)]
  1362 | D:2      | Noticed Natasha
  1367 | D:2      | Killed Natasha
  1397 | D:2      | Reached skill level 6 in Axes
  1397 | D:2      | Reached XP level 4. HP: 30/37 MP: 3/3
  1490 | D:2      | Noticed Natasha
  1498 | D:2      | Killed Natasha
  1577 | D:2      | Noticed Terence
  1583 | D:2      | Killed Terence
  1935 | D:2      | Reached XP level 5. HP: 42/42 MP: 4/4
  2072 | D:3      | Noticed a sky beast
  2082 | D:2      | Reached skill level 7 in Axes
  2606 | D:3      | Killed a sky beast
  2607 | D:3      | Reached skill level 8 in Axes
  2607 | D:3      | Reached XP level 6. HP: 50/50 MP: 5/5
  2983 | D:3      | Reached skill level 9 in Axes
  3462 | D:4      | Noticed Robin
  3497 | D:4      | Killed Robin
  3703 | D:4      | Found a snail-covered altar of Cheibriados.
  3807 | D:4      | Found a staircase to the Ecumenical Temple.
  3818 | Temple   | Entered the Ecumenical Temple
  4123 | Temple   | Became a worshipper of Makhleb the Destroyer
  4171 | D:4      | Reached XP level 7. HP: 55/56 MP: 6/6
  4666 | D:5      | Entered Level 5 of the Dungeon
  4670 | D:5      | HP: 20/56 [ogre/+0 giant club (18)]
  4672 | D:5      | Reached skill level 10 in Axes
  5011 | D:5      | HP: 14/56 [ogre/+0 giant spiked club (18)]
  5012 | D:5      | Reached skill level 11 in Axes
  5017 | D:5      | HP: 9/56 [ogre/+0 giant spiked club (6)]
  5038 | D:5      | HP: 10/56 [worker ant (2)]
  5424 | D:5      | Reached * piety under Makhleb
  5442 | D:5      | Found Faint's Antique Armour Shoppe.
  5558 | D:5      | Reached XP level 8. HP: 45/62 MP: 7/7
  5645 | D:5      | Found Keojaosa's Magic Scroll Emporium.
  5654 | D:5      | Bought a scroll of teleportation for 45 gold pieces
  5654 | D:5      | Bought a scroll of blinking for 112 gold pieces
  5654 | D:5      | Bought a scroll of identify for 30 gold pieces
  5830 | D:5      | Found Plog's Antique Armour Shop.
  5956 | D:5      | Reached skill level 12 in Axes
  6140 | D:5      | HP: 31/62 [poisoned by an orc]
  6306 | D:5      | Found Udeprico's Weapon Emporium.
  6412 | D:6      | HP: 27/62 [orc warrior/+0 long sword (10)]
  6416 | D:6      | HP: 11/62 [orc warrior/+0 long sword (8)]
  6779 | D:6      | Reached ** piety under Makhleb
  6780 | D:6      | Reached skill level 13 in Axes
  6874 | D:6      | HP: 29/58 [wight/+0 battleaxe (2)]
  7262 | D:6      | Reached skill level 3 in Fighting
  7366 | D:6      | Reached XP level 9. HP: 70/70 MP: 8/8
  7379 | D:6      | HP: 27/70 [ogre/+0 giant spiked club (17)]
  7848 | D:7      | Found Yhufier's General Store.
  7930 | D:7      | Reached skill level 14 in Axes
  7932 | D:7      | Reached skill level 4 in Fighting
  8019 | D:7      | Reached *** piety under Makhleb
  8458 | D:7      | Found a transporter.
  8458 | D:7      | Noticed Nebesus's ghost (novice MiBe)
  8464 | D:7      | Found a transporter.
  8503 | D:8      | Reached skill level 5 in Fighting
  8599 | D:8      | Noticed a two-headed ogre
  8604 | D:8      | HP: 30/74 [two-headed ogre/+0 giant club (9)]
  8618 | D:8      | Killed a two-headed ogre
  8619 | D:8      | Reached skill level 6 in Fighting
  8619 | D:8      | Reached skill level 15 in Axes
  8991 | D:8      | Noticed Psyche
  9002 | D:8      | Killed Psyche
  9157 | D:8      | Noticed Pikel
  9182 | D:8      | Killed Pikel
  9183 | D:8      | Reached XP level 10. HP: 65/84 MP: 9/9
  9369 | D:8      | Reached skill level 7 in Fighting
  9493 | D:8      | Found a runed translucent gate.
  9493 | D:8      | Found a runed translucent gate.
  9493 | D:8      | Found a runed translucent gate.
  9508 | D:8      | Noticed bmj180's ghost (novice KoHu)
  9837 | D:8      | Reached skill level 16 in Axes
  9851 | D:8      | Killed bmj180's ghost
  9854 | D:8      | Reached skill level 8 in Fighting
 10311 | D:9      | You fall into a shaft and drop 1 floor!
 10311 | D:10     | Entered Level 10 of the Dungeon
 10322 | D:10     | Reached **** piety under Makhleb
 10643 | D:9      | Found a staircase to the Lair.
 11551 | D:10     | Reached skill level 17 in Axes
 11677 | D:10     | theanonym: ??harm
 11677 | D:10     | beem: harm[1/1]: A scarf and randart armour property.
                  | Increases damage done by the wearer by 30% and to the
                  | wearer by 20%. Applied after AC. It applies to damage from
                  | melee, ranged, spells, abilities, evocations, clouds,
                  | falling down stairs, etc.
 11687 | D:10     | Noticed a two-headed ogre
 11692 | D:10     | HP: 39/90 [two-headed ogre/+0 giant club (28)]
 11697 | D:10     | HP: 15/90 [two-headed ogre/+0 giant club (25)]
 11697 | D:10     | HP: 3/90 [two-headed ogre/+0 giant club (12)]
 11730 | D:10     | HP: 10/90 [jelly (1)]
 11730 | D:10     | HP: 3/90 [acid (7)]
 11731 | D:10     | Splashed by a jelly's acid

Vanquished Creatures
  A two-headed ogre (D:8)
  The ghost of bmj180 the Quickloader, a novice KoHu of Dithmenos (D:8)
  Pikel (D:8)
  Psyche (D:8)
  2 hornets
  5 wraiths (D:8)
  A wyvern (D:8)
  2 orc warriors
  3 ice beasts
  A sky beast (D:3)
  A necrophage (D:7)
  7 ogres
  2 centaurs (D:10)
  2 lemures (D:8)
  A phantom (D:7)
  5 bullfrogs
  3 scorpions
  4 jellies
  13 wights
  An electric eel (D:9)
  A centaur zombie (D:9)
  A quasit (D:6)
  3 orc priests
  7 hounds
  4 iguanas
  A centaur skeleton (D:5)
  Terence (D:2)
  6 worker ants
  Natasha (twice) (D:2)
  9 orc wizards
  2 hound skeletons
  Robin (D:4)
  A worker ant zombie (D:8)
  4 gnolls (D:5)
  A howler monkey skeleton (D:7)
  14 adders
  A shadow imp (D:7)
  3 white imps
  3 ufetubi
  An ooze (D:2)
  An adder zombie (D:6)
  An adder skeleton (D:3)
  6 worms
  A dart slug (D:4)
  2 leopard geckos
  31 orcs
  A ball python (D:1)
  5 giant cockroaches
  18 goblins
  8 hobgoblins
  5 jackals
  6 kobolds
  A quokka (D:7)
  10 bats
  8 frilled lizards
  2 jackal skeletons
  A quokka skeleton (D:8)
  13 rats
243 creatures vanquished.

Vanquished Creatures (others)
  A plant (D:9)
1 creature vanquished.

Grand Total: 244 creatures vanquished

Table legend: (Time is in decaauts)
 A = Elapsed time spent in this place.
 B = Non-inter-level travel time spent in this place.
 C = Inter-level travel time spent in this place.
 D = Time resting spent in this place.
 E = Time spent auto-exploring this place.
 F = Levels seen in this place.
 G = Mean time per level.
                   A        B        C        D        E       F      G
               +--------+--------+--------+--------+--------+-----+--------+
         Total |  11727 |  11272 |    455 |   3275 |   6663 |  11 | 1066.1 |
       Dungeon |  11399 |  10995 |    404 |   3275 |   6387 |  10 | 1139.9 |
        Temple |    328 |    277 |     51 |      0 |    276 |   1 |  328.0 |
               +--------+--------+--------+--------+--------+-----+--------+

Top non-repeatable levels by time:
     D:8: 1469 daAuts
     D:4: 1451 daAuts
     D:5: 1336 daAuts
     D:6: 1315 daAuts
     D:9: 1171 daAuts
     D:2: 1136 daAuts
     D:3: 1085 daAuts
     D:1: 1045 daAuts
     D:7: 770 daAuts
    D:10: 616 daAuts
  Temple: 328 daAuts
